 Dungeon Crawl Stone Soup version 0.31-a0-221-gbddc013574 (webtiles) character file.

Game seed: 10645918096351209820

112 qw the Shooter (level 4, 0/26 HPs)
             Began as a Gargoyle Hexslinger on July 4, 2023.
             Slain by Dowan
             ... wielding a +1 vampiric dagger
              (5 damage)
             ... on level 4 of the Dungeon.
             The game lasted 00:00:45 (2437 turns).

qw the Shooter (Gargoyle Hexslinger)                Turns: 2437, Time: 00:00:46

Health: 0/26       AC: 13    Str: 11    XL:     4   Next: 93%
Magic:  5/5        EV: 10    Int: 14    God:
Gold:   133        SH:  0    Dex: 14    Spells: 4/5 levels left

rFire   . . .        Y - +1 sling (freeze)
rCold   . . .        (no shield)
rNeg    + . .        d - +0 ring mail
rPois   inf          (no helmet)
rElec   +            (no cloak)
rCorr   .            j - +0 pair of gloves
SInv    .            b - +2 pair of boots {rampage}
Will    .....        i - amulet of faith
Stlth   +            (no ring)
HPRegen 0.24/turn    (no ring)
MPRegen 0.09/turn

%: rampage, faith
@: about to teleport
A: sickness immunity, AC +3, negative energy resistance 1, electricity
resistance, torment resistance 1, petrification resistance
a: no special abilities


You were on level 4 of the Dungeon.
You visited 1 branch of the dungeon, and saw 4 of its levels.

You collected 133 gold pieces.


Innate Abilities, Weirdness & Mutations

You are immune to sickness and miasma.
Your stone body is resilient. (AC +3)
You are immune to poison.
You resist negative energy. (rN+)
You are resistant to electric shocks. (rElec)
You are resistant to unholy torment.
You are immune to petrification.


   Skills:
 - Level 2.0 Fighting
 + Level 4.3 Ranged Weapons
 - Level 1.3 Armour
 - Level 1.5 Dodging
 - Level 1.0 Spellcasting
 - Level 2.6 Hexes


You had 4 spell levels left.
You knew the following spells:

 Your Spells              Type           Power      Damage    Failure   Level
a - Slow                  Hex            32%        N/A       21%         1

Your spell library contained the following spells:

 Spells                   Type           Power      Damage    Failure   Level
 Inner Flame              Hex/Fire       4%         N/A       71%         3
 Portal Projectile        Hex/Tloc       8%         N/A       71%         3
 Cause Fear               Hex            4%         N/A       90%         4

Inventory:

Hand Weapons
 Y - a +1 sling of freezing (weapon)
Armour
 b - a +2 pair of boots of rampaging (worn)
 d - a +0 ring mail (worn)
 j - a +0 pair of gloves (worn)
Jewellery
 i - an amulet of faith (around neck)
 m - an amulet of the acrobat
Scrolls
 c - a scroll of identify
Potions
 a - a potion of enlightenment
 e - a potion of heal wounds
 f - a potion of might
 g - a potion of mutation {unknown}
 h - a potion of degeneration {unknown}

Dungeon Overview and Level Annotations

Branches:
Dungeon (4/15)
 Temple: D:4-7

Altars:

Annotations:
D:3 1 runed translucent door, Crazy Yiuf
D:4 Dowan, Duvessa


Message History

A goblin comes into view. It is wielding a +0 club.
You shoot a sling bullet.
The sling bullet hits Duvessa but does no damage.
You shoot a sling bullet. The sling bullet barely misses Duvessa.
The sling bullet closely misses the goblin.
Dowan casts a spell.
Dowan blinks!
Duvessa barely misses you.
You shoot a sling bullet. The sling bullet barely misses Duvessa.
The sling bullet hits the goblin!
The sling bullet freezes the goblin.
You kill the goblin!
Dowan says, "My weaknesses are her strengths!"
Dowan gestures at you while chanting. You resist with some effort.
Duvessa hits you but does no damage. Duvessa hits you with a +0 short sword.
Dowan smirks and points a slender finger.
You shoot a sling bullet.
The sling bullet hits Duvessa but does no damage.
Duvessa barely misses you.
You shoot a sling bullet. The sling bullet hits Dowan!
The sling bullet freezes Dowan.
Dowan is severely wounded.
Dowan hits you with a +1 vampiric dagger.
Duvessa barely misses you.
You shoot a sling bullet. The sling bullet closely misses Dowan.
Dowan drinks a potion.
Dowan seems to grow stronger.
Duvessa hits you but does no damage.
You shoot a sling bullet. The sling bullet hits Dowan.
The sling bullet freezes Dowan.
Dowan is almost dead.
Dowan hits you with a +1 vampiric dagger.
Duvessa barely misses you. Duvessa hits you but does no damage.
Dowan hits you with a +1 vampiric dagger.
You shoot a sling bullet. The sling bullet barely misses Dowan.
Dowan points at you and mumbles some strange words.
The puff of flame hits you! Duvessa hits you but does no damage.
2437 ||| READING scroll of teleportation.
As you read the scroll of teleportation, it crumbles to dust.
You feel strangely unstable.
Dowan hits you with a +1 vampiric dagger.
You die...

....# # ...# .#
...##.# #
......#.#
#........
#).......
#ee......
#@.......
#.#####+# #.#
#.# #.#
###########.#
.......<....#
#######'#####
...............


You could see Duvessa and Dowan (strong).

Vanquished Creatures
  A hound (D:3)
  3 adders
  4 worms
  A dart slug (D:2)
  4 bats
  2 endoplasms
  2 giant cockroaches (D:2)
  3 goblins
  3 hobgoblins
  4 jackals (D:2)
  2 kobolds
  3 quokkas
  4 ball pythons (D:1)
  A frilled lizard (D:3)
  4 rats
41 creatures vanquished.

Notes
Turn   | Place    | Note
-------+----------+-------------------------------------------
     0 | D:1      | qw the Gargoyle Hexslinger began the quest for the Orb.
     0 | D:1      | Reached XP level 1. HP: 12/12 MP: 2/2
     0 | D:1      | 0 ||| qw: Version: 0.3-a-41-g9d075ac
     0 | D:1      | 0 ||| qw: Game counter: 732
     0 | D:1      | 0 ||| qw: Melee chars always use a shield: true
     0 | D:1      | 0 ||| qw: God list: Okawaru
     0 | D:1      | 0 ||| qw: Allow faded altars: false
     0 | D:1      | 0 ||| qw: Do Orc after clearing Dungeon:15 true
     0 | D:1      | 0 ||| qw: Do second Lair branch before Depths: true
     0 | D:1      | 0 ||| qw: Lair rune preference: random
     0 | D:1      | 0 ||| qw: Goals: Normal
     0 | D:1      | 0 ||| PLANNING D:1-11
   151 | D:1      | Reached XP level 2. HP: 16/16 MP: 3/3
   219 | D:1      | Reached skill level 3 in Ranged Weapons
   650 | D:1      | 650 ||| UPGRADING to +0 leather armour.
   660 | D:1      | 660 ||| DROPPING +0 robe.
   661 | D:1      | 661 ||| READING scroll labelled JUAREBLOOTE.
   662 | D:1      | 662 ||| READING scroll labelled ZION ODITZ.
   666 | D:1      | 666 ||| READING scroll labelled MUWUXTIANN.
   667 | D:1      | 667 ||| READING 3 scrolls labelled NETAORYEJONTI.
   668 | D:1      | 668 ||| DROPPING scroll of poison.
   669 | D:1      | 669 ||| DROPPING 2 scrolls of immolation.
   734 | D:2      | Reached XP level 3. HP: 16/21 MP: 4/4
  1445 | D:2      | 1445 ||| UPGRADING to +2 pair of boots of rampaging.
  1450 | D:2      | 1450 ||| UPGRADING to +0 ring mail.
  1460 | D:2      | 1460 ||| DROPPING +0 leather armour.
  1461 | D:2      | 1461 ||| UPGRADING to amulet of faith.
  1466 | D:2      | 1466 ||| READING 2 scrolls labelled GUSAMUPREMO.
  1467 | D:2      | 1467 ||| READING scroll labelled OTAUT ILIZOEXE.
  1468 | D:2      | 1468 ||| DRINKING 2 viscous white potions.
  1563 | D:2      | 1563 ||| FLEEEEING.
  1697 | D:3      | Reached XP level 4. HP: 26/26 MP: 5/5
  1796 | D:3      | Reached skill level 1 in Armour
  1893 | D:3      | Found a faded altar of an unknown god.
  1946 | D:3      | Reached skill level 4 in Ranged Weapons
  2034 | D:3      | Found a runed translucent door.
  2035 | D:3      | Noticed Crazy Yiuf
  2378 | D:3      | 2378 ||| UPGRADING to +0 pair of gloves.
  2383 | D:3      | 2383 ||| READING 2 scrolls labelled LUELIBRUNO.
  2384 | D:3      | 2384 ||| READING scroll labelled IHUEQ YGOCYCIPS.
  2385 | D:3      | 2385 ||| DRINKING 2 silvery potions.
  2386 | D:3      | 2386 ||| READING 2 scrolls of identify.
  2386 | D:3      | 2386 ||| IDENTIFYING grey potion
  2387 | D:3      | 2387 ||| DROPPING scroll of fog.
  2422 | D:4      | Noticed Dowan
  2423 | D:4      | Noticed Duvessa
  2436 | D:4      | HP: 5/26 [Dowan/puff of flame (7)]
  2437 | D:4      | 2437 ||| READING scroll of teleportation.
  2437 | D:4      | Slain by Dowan

Levels and vault maps discovered:
D:1:      tekkud_arrival_beachfront_property, layout_basic
D:2:      layout_basic
D:3:      layout_basic, chequers_ecumenical_altar_grove, uniq_crazy_yiuf_cottage
D:4:      cheibrodos_pilgrimage, layout_basic, slow_altar_2, abandoned_shop,
          minmay_checkerbox, uniq_eustachio, uniq_grinder, uniq_pikel,
          uniq_duvessa

Skill      XL: |  1  2  3  4 |
---------------+-------------+-----
Ranged Weapons | 3 4 |  4.3
Fighting       | 2 |  2.0
Armour         | 1 |  1.3
Dodging        | |  1.5
Spellcasting   | |  1.0
Hexes          | |  2.6

Action                     |  1- 3 |  4- 6 || total
---------------------------+-------+-------++-------
   Fire: Sling             |   109 |    40 ||   149
    Use: Scroll            |     6 |     4 ||    10
         Potion            |     1 |     1 ||     2
 Armour: Leather armour    |    22 |       ||    22
         Robe              |     3 |       ||     3
         Ring mail         |     2 |    12 ||    14
  Dodge: Dodged            |    34 |     7 ||    41

Table legend:
 A = Non-vault XP
 B = Vault XP
 C = Vault XP percentage of total XP
 D = Non-vault monster count
 E = Vault monster count
 F = Vault count percentage of total count
                 A         B        C        D         E       F
            +---------+---------+-------+---------+---------+-------
      Total |     160 |       0 |   0.0 |      41 |       0 |   0.0
            +---------+---------+-------+---------+---------+-------
        D:1 |      27 |       0 |   0.0 |      16 |       0 |   0.0
        D:2 |      50 |       0 |   0.0 |      16 |       0 |   0.0
        D:3 |      81 |       0 |   0.0 |       8 |       0 |   0.0
        D:4 |       2 |       0 |   0.0 |       1 |       0 |   0.0
            +---------+---------+-------+---------+---------+-------
